 Dungeon Crawl Stone Soup version 0.31-a0-164-g2312942fda (webtiles) character file.

Game seed: 5892150845914160609

26591 Anon1729 the Fighter (level 12, -11/113 HPs)
             Began as a Minotaur Monk on June 13, 2023.
             Was a Follower of Uskayaw.
             Mangled by a skyshark (18 damage)
             ... on level 5 of the Lair of Beasts.
             The game lasted 00:10:13 (12150 turns).

Anon1729 the Fighter (Minotaur Monk)               Turns: 12150, Time: 00:10:14

Health: -11/113    AC: 20    Str: 17    XL:     12   Next: 99%
Magic:  14/18      EV: 13    Int:  7    God:    Uskayaw [*.....]
Gold:   175        SH:  0    Dex: 17    Spells: 11/11 levels left

rFire   + . .        r - +0 short sword (venom)
rCold   . . .        d - orb {light}
rNeg    + . .        k - +7 chain mail of Beogh's Hope {Will+}
rPois   +            (helmet restricted)
rElec   .            T - +0 cloak "Juhenimu" {rPois rN+ Stlth+}
rCorr   .            (no gloves)
SInv    .            (no boots)
Will    +....        h - amulet of regeneration Stlth
                     o - ring of protection from fire
HPRegen 1.18/turn    (no ring)
MPRegen 0.16/turn

%: no passive effects
@: slowed, glowing, very slow
A: horns 2, retaliatory headbutt
a: Renounce Religion, Stomp


You were on level 5 of the Lair of Beasts.
You worshipped Uskayaw.
Uskayaw was aware of your devotion.
You visited 3 branches of the dungeon, and saw 16 of its levels.

You collected 737 gold pieces.
You spent 562 gold pieces at shops.

Inventory:

Hand Weapons
 a - a +0 short sword
 r - a +0 short sword of venom (weapon)
 R - a +5 rapier of holy wrath
Missiles
 i - 3 throwing nets
Armour
 b - a +0 robe
 d - an orb of light (worn)
 k - the +7 chain mail of Beogh's Hope (worn) {Will+}
   (You found it on level 2 of the Dungeon)

   Will:      It increases your willpower.
 T - the +0 cloak "Juhenimu" (worn) {rPois rN+ Stlth+}
   (You found it on level 9 of the Dungeon)

   rPois:     It protects you from poison.
   rN:        It protects you from negative energy.
   Stlth:     It makes you more stealthy.
Jewellery
 h - an amulet of regeneration (around neck)
 o - a ring of protection from fire (left hand)
 p - an amulet of the acrobat
 q - a ring of fire
 A - a +4 ring of protection
 J - a +6 ring of strength
 K - the ring of Rolagol {rF- rN+++ Int+8 Dex-3 SInv}
   (You found it on level 6 of the Dungeon)

   [ring of see invisible]

   Int:       It affects your intelligence (+8).
   Dex:       It affects your dexterity (-3).
   rF:        It makes you vulnerable to fire.
   rN:        It renders you almost immune to negative energy.
   SInv:      It lets you see invisible.
 N - a +6 ring of strength
 Q - a ring of magical power
Wands
 x - a wand of iceblast (18)
 I - a wand of polymorph (6)
 M - a wand of mindburst (30)
 X - a wand of paralysis (4)
Scrolls
 f - a scroll of vulnerability
 m - 3 scrolls of immolation
 n - 7 scrolls of teleportation
 s - 2 scrolls of enchant weapon
 u - 4 scrolls of revelation
 y - 3 scrolls of fog
 E - 3 scrolls of silence
 G - 2 scrolls of enchant armour
 L - 3 scrolls of brand weapon
 O - 3 scrolls of blinking {unknown}
 P - 2 scrolls of poison {unknown}
 U - a scroll of noise {unknown}
Potions
 c - 3 potions of ambrosia
 e - 2 potions of invisibility {unknown}
 g - 3 potions of lignification {unknown}
 j - 4 potions of heal wounds
 l - 10 potions of curing
 t - 2 potions of enlightenment {unknown}
 v - 2 potions of brilliance {unknown}
 w - a potion of mutation {unknown}
 B - 3 potions of might {unknown}
 C - a potion of attraction {unknown}
 D - 2 potions of magic {unknown}
 F - 5 potions of haste {unknown}
 V - a potion of resistance
 W - 2 potions of berserk rage {unknown}
Miscellaneous
 H - a phial of floods (inert)
 S - a sack of spiders


   Skills:
 + Level 12.4 Fighting
 + Level 11.4 Short Blades
 + Level 11.8 Armour
 + Level 11.5 Dodging
 + Level 10.0 Invocations


You had 11 spell levels left.
You didn't know any spells.
Your spell library contained the following spells:

 Spells                   Type           Power      Damage    Failure   Level
 Magic Dart               Conj           0%         1d3       96%         1
 Sandblast                Erth           0%         2d4       96%         1
 Searing Ray              Conj           0%         2d4       99%         2
 Stone Arrow              Conj/Erth      0%         3d7       100%        3
 Airstrike                Air            0%         2d(0-16)  100%        4
 Anguish                  Hex/Necr       0%         N/A       100%        4
 Cause Fear               Hex            0%         N/A       100%        4
 Fulminant Prism          Conj/Hex       0%         3d5       100%        4
 Leda's Liquefaction      Hex/Erth       0%         N/A       100%        4
 Fireball                 Conj/Fire      0%         3d3       100%        5
 Iskenderun's Battlesphe  Conj           0%         2d6       100%        5
 Conjure Ball Lightning   Conj/Air       0%         3x3d6     100%        6
 Enfeeble                 Hex            0%         N/A       100%        7
 Orb of Destruction       Conj           0%         9d5       100%        7


Dungeon Overview and Level Annotations

Branches:
Dungeon (11/15)            Temple (1/1) D:7            Lair (5/5) D:11
  Slime (0/5) Lair:5
  Swamp: Lair:2-3    Shoals: Lair:2-3     Snake: Lair:2-3    Spider: Lair:2-3
    Orc: D:9-12

Altars:
Ashenzari
Cheibriados
Dithmenos
Elyvilon
Fedhas
Gozag
Hepliaklqana
Kikubaaqudgha
Makhleb
Nemelex Xobeh
Okawaru
Qazlal
Ru
Sif Muna
Trog
Uskayaw
Vehumet
Wu Jian
Xom
Yredelemnul
Zin
The Shining One

Shops:
D:9 *   D:11 !

Portals:
Abyss: Lair:2

Annotations:
Lair:2 2 transporters, KimchiStew's ghost, journeyman VSFi


Innate Abilities, Weirdness & Mutations

You have a pair of horns on your head.
You reflexively headbutt those who attack you in melee.


Message History

The skyshark is heavily wounded.
The skyshark bites you! The skyshark tail-slaps you!
The skyshark tail-slaps you but does no damage.
You hit the skyshark but do no damage.
The skyshark looks as sick as possible!
The skyshark is heavily wounded.
The skyshark barely misses you. You furiously retaliate!
You headbutt the skyshark, but do no damage.
The skyshark tail-slaps you!
* * * LOW HITPOINT WARNING * * *
The skyshark misses you. The torpor snail bites you.
* * * LOW HITPOINT WARNING * * *
Aim the phial where?
Press: ? - help, Shift-Dir - straight line, f - skyshark
Aim: a skyshark (heavily wounded, berserk, extremely poisoned, haloed)
The torrent of water hits the skyshark!
The skyshark is heavily wounded.
The skyshark is engulfed in water.
The wave splashes down.
Splash!
You fall into the shallow water.
Moving in this stuff is going to be slow.
You hear a bleat!
You hear an angry hiss.
You hear an angry buzzing noise.
The skyshark bites you!
* * * LOW HITPOINT WARNING * * *
The skyshark tail-slaps you!
* * * LOW HITPOINT WARNING * * *
The skyshark tail-slaps you but does no damage.
The skyshark barely misses you. The skyshark closely misses you.
The skyshark barely misses you.
The torpor snail bites you but does no damage.
You can now pass through a line of other dancers.
Aiming: Line Pass
Press: ? - help, Dir - move target, p - skyshark The skyshark appears confused.
Splash!
A skyshark comes into view.
You can no longer pass through a line of other dancers.
The skyshark bites you but does no damage.
The skyshark closely misses you. The skyshark barely misses you.
The skyshark bites you!!
You die...

# # ### ##### #. #####
##.### ##.#.##...
.##.###P.#P####......#.#
...........P............
..............$~~.......
..............~l@.......
.......$......~w~.......
........................
....<.................l.
........................
........................
##P...#P###...##P#######
######## #.###### ###


You could see 2 skysharks and a torpor snail.

Vanquished Creatures
  2 hydras
  2 boulder beetles (Lair:4)
  3 death yaks (Lair:4)
  Amaemon (D:8)
  Pikel (D:6)
  5 elephants (Lair:4)
  4 black mambas
  A gargoyle (D:11)
  Maggie (D:6)
  6 komodo dragons
  10 cane toads
  An orange demon (D:8)
  A rime drake (Lair:1)
  16 blink frogs
  A hornet (Lair:5)
  Sigmund (D:6)
  A shadow (D:9)
  A wraith (D:11)
  2 wyverns
  15 yaks
  Menkaure (D:4)
  An acid dragon (D:11)
  14 water moccasins
  Duvessa (D:7)
  4 black bears
  3 ice beasts
  5 orc warriors
  2 sky beasts
  The ghost of Anon1729 the Trooper, an amateur MiMo (D:3)
  4 wolves (Lair:1)
  2 centaurs
  2 phantoms
  Blork the orc (D:4)
  5 bullfrogs
  2 gnoll sergeants (D:9)
  3 scorpions
  12 wights
  Dowan (D:7)
  9 killer bees
  4 howler monkeys
  A jelly (D:6)
  3 gnoll boudas
  8 hounds
  7 orc priests
  Ijyb (D:4)
  5 iguanas
  3 orc wizards
  5 hell rats (Lair:4)
  Terence (D:3)
  Robin (D:2)
  11 adders
  17 gnolls
  A shadow imp (D:8)
  2 white imps
  5 ufetubi
  2 worms (D:2)
  2 dart slugs (D:1)
  33 orcs
  3 ball pythons
  6 endoplasms
  5 giant cockroaches
  16 goblins
  15 hobgoblins
  10 jackals
  4 kobolds
  A quokka (D:1)
  10 bats
  4 frilled lizards
  6 rats
340 creatures vanquished.

Notes
Turn   | Place    | Note
-------+----------+-------------------------------------------
     0 | D:1      | Anon1729 the Minotaur Monk began the quest for the Orb.
     0 | D:1      | Reached XP level 1. HP: 19/19 MP: 0/0
   368 | D:1      | Reached XP level 2. HP: 27/27 MP: 1/1
   484 | D:1      | Reached skill level 1 in Armour
   558 | D:1      | Reached skill level 4 in Fighting
   559 | D:1      | Reached skill level 1 in Invocations
   559 | D:1      | Reached XP level 3. HP: 30/33 MP: 2/2
  1064 | D:2      | Noticed Robin
  1081 | D:2      | Killed Robin
  1118 | D:2      | Found a faded altar of an unknown god.
  1143 | D:2      | Identified the +7 chain mail of Beogh's Hope {Will+}
  1185 | D:2      | Found a blossoming altar of Fedhas.
  1237 | D:2      | Reached XP level 4. HP: 40/40 MP: 4/4
  1737 | D:3      | Noticed Terence
  1744 | D:3      | Killed Terence
  1780 | D:3      | Reached XP level 5. HP: 43/47 MP: 5/5
  1789 | D:3      | Found a runed translucent door.
  1792 | D:3      | Noticed Anon1729's ghost (amateur MiMo)
  2115 | D:3      | Reached XP level 6. HP: 55/55 MP: 6/6
  2139 | D:3      | Reached skill level 5 in Fighting
  2273 | D:3      | Found a large runed translucent door.
  2274 | D:3      | Found a large runed translucent door.
  2300 | D:3      | Found an iron altar of Okawaru.
  2305 | D:3      | Found a snail-covered altar of Cheibriados.
  2554 | D:3      | Killed Anon1729's ghost
  2555 | D:3      | Reached XP level 7. HP: 47/61 MP: 8/8
  2558 | D:3      | Reached skill level 5 in Dodging
  2593 | D:4      | Reached skill level 5 in Short Blades
  2816 | D:4      | Noticed Menkaure
  2824 | D:4      | Killed Menkaure
  2985 | D:4      | Noticed Ijyb
  2997 | D:4      | Killed Ijyb
  3143 | D:4      | Noticed Blork the orc
  3157 | D:4      | Killed Blork the orc
  3183 | D:4      | Reached skill level 6 in Fighting
  3212 | D:4      | Found a sparkling altar of Nemelex Xobeh.
  3325 | D:5      | Entered Level 5 of the Dungeon
  3361 | D:5      | Found a shimmering altar of Xom.
  3362 | D:5      | Found a shimmering altar of Xom.
  3366 | D:5      | Found a shimmering altar of Xom.
  3367 | D:5      | Found a shimmering altar of Xom.
  3390 | D:5      | Reached XP level 8. HP: 65/70 MP: 8/10
  3651 | D:5      | Reached skill level 5 in Armour
  4369 | D:6      | Noticed Sigmund
  4378 | D:6      | Killed Sigmund
  4379 | D:6      | Reached skill level 7 in Fighting
  4422 | D:6      | Reached skill level 5 in Invocations
  4493 | D:6      | Noticed Maggie
  4528 | D:6      | Killed Maggie
  4529 | D:6      | Reached XP level 9. HP: 52/79 MP: 11/11
  4944 | D:6      | Got the Textbook on the Tectonic Sky
  4967 | D:6      | Identified the ring of Rolagol {rF- rN+++ Int+8 Dex-3 SInv}
  5002 | D:6      | Noticed Pikel
  5029 | D:6      | Killed Pikel
  5252 | D:7      | Reached skill level 8 in Fighting
  5633 | D:7      | Found a staircase to the Ecumenical Temple.
  5657 | D:7      | Noticed Duvessa
  5658 | D:7      | Noticed Dowan
  5669 | D:7      | Killed Duvessa
  5676 | D:7      | Killed Dowan
  5838 | D:8      | Reached XP level 10. HP: 82/90 MP: 13/13
  6044 | D:8      | Noticed a boulder beetle
  6351 | D:8      | Noticed Amaemon
  6351 | D:8      | Noticed an orange demon
  6372 | D:8      | Killed an orange demon
  6399 | D:8      | Killed Amaemon
  6400 | D:8      | Reached skill level 9 in Fighting
  7371 | D:9      | Found Peonozon's Assorted Antiques.
  7388 | D:9      | Bought a glowing rapier for 175 gold pieces
  7388 | D:9      | Bought a scroll of teleportation for 75 gold pieces
  7931 | D:9      | Identified the +0 cloak "Juhenimu" {rPois rN+ Stlth+}
  7958 | D:10     | Entered Level 10 of the Dungeon
  7958 | D:10     | Found a sacrificial altar of Ru.
  8131 | Temple   | Entered the Ecumenical Temple
  8327 | Temple   | Became a worshipper of Uskayaw the Reveller
  8327 | Temple   | Reached * piety under Uskayaw
  8444 | D:11     | Noticed a gargoyle
  8449 | D:11     | Reached ** piety under Uskayaw
  8454 | D:11     | Killed a gargoyle
  8454 | D:11     | Reached *** piety under Uskayaw
  8544 | D:11     | Found a shadowy altar of Dithmenos.
  8646 | D:11     | Reached **** piety under Uskayaw
  8650 | D:11     | Reached ***** piety under Uskayaw
  8656 | D:11     | Found a staircase to the Lair.
  8670 | D:11     | Reached XP level 11. HP: 74/99 MP: 15/15
  8726 | D:11     | Found Hiluq's Distillery.
  8734 | D:11     | Bought 2 potions of heal wounds for 130 gold pieces
  8734 | D:11     | Bought a potion of degeneration for 13 gold pieces
  8734 | D:11     | Bought a potion of resistance for 130 gold pieces
  8734 | D:11     | Bought a potion of curing for 39 gold pieces
  9131 | Lair:1   | Entered Level 1 of the Lair of Beasts
  9160 | Lair:1   | Reached skill level 10 in Fighting
  9551 | Lair:2   | Found the +8 demon trident "Rift" {distort, reach+}
  9647 | Lair:2   | Noticed a glowing orange brain
  9659 | Lair:2   | Noticed KimchiStew's ghost (journeyman VSFi)
  9662 | Lair:2   | Noticed a spriggan rider
  9791 | Lair:2   | Noticed a five-headed hydra
  9817 | Lair:2   | Killed a five-headed hydra
  9818 | Lair:2   | Reached skill level 10 in Armour
  9904 | Lair:2   | Identified the +1 mace "Ejuhyumpo" {speed, rN+}
  9924 | Lair:2   | Reached skill level 10 in Dodging
 10007 | Lair:2   | Reached skill level 10 in Short Blades
 10077 | Lair:2   | Reached skill level 11 in Fighting
 10216 | Lair:2   | Found a one-way gate to the infinite horrors of the Abyss.
 10225 | Lair:2   | Found a transporter.
 10228 | Lair:2   | Found a transporter.
 10429 | Lair:2   | You fall into a shaft and drop 2 floors!
 10443 | Lair:4   | Reached XP level 12. HP: 100/110 MP: 17/17
 10501 | Lair:4   | Reached ****** piety under Uskayaw
 10700 | Lair:4   | Noticed a boulder beetle
 10723 | Lair:4   | Killed a boulder beetle
 10761 | Lair:4   | Noticed a death yak
 10761 | Lair:4   | Noticed a death yak
 10762 | Lair:4   | Noticed a death yak
 10778 | Lair:4   | Killed a death yak
 10780 | Lair:4   | Killed a death yak
 10797 | Lair:4   | Killed a death yak
 11019 | Lair:4   | Reached skill level 12 in Fighting
 11492 | Lair:4   | Noticed a boulder beetle
 11509 | Lair:4   | Killed a boulder beetle
 11708 | Lair:5   | Entered Level 5 of the Lair of Beasts
 11748 | Lair:5   | Found a staircase to the Slime Pits.
 11794 | Lair:5   | Noticed a six-headed hydra
 11815 | Lair:5   | Killed a six-headed hydra
 11880 | Lair:5   | Reached skill level 10 in Invocations
 11967 | Lair:5   | Noticed a death yak
 11967 | Lair:5   | Noticed a death yak
 11967 | Lair:5   | Noticed a death yak
 11968 | Lair:5   | Noticed a death yak
 11969 | Lair:5   | Noticed a death yak
 11971 | Lair:5   | Noticed a death yak
 12127 | Lair:5   | Paralysed by a hornet for 2 turns
 12150 | Lair:5   | Mangled by a skyshark

Illustrated notes

Levels and vault maps discovered:
D:1:      onia_arrival_pyramid, layout_basic
D:2:      kb_forest_paths, layout_basic,
          shapermc_ecumenical_altar_starsandcircs, basic_altar, uniq_robin
D:3:      cheibrodos_pilgrimage, layout_loops_cross, jmf_multi_god_temple2,
          ebering_ghost_sewer_d, uniq_terence
D:4:      layout_basic, marbit_many_paths, hex_tiny, uniq_ijyb,
          uniq_blork_the_orc, uniq_menkaure
D:5:      layout_layer_cave, xom_redecorated
D:6:      layout_basic, minivault_10, uniq_sigmund, uniq_maggie, uniq_pikel
D:7:      nicolae_BIG_FREAKIN_CUBE, layout_rooms, temple_statues, uniq_duvessa
D:8:      layout_loops_corners, wad_dig_loot, uniq_amaemon
D:9:      layout_cave_pods, serial_gnoll_camp, gnoll_camp_mini_shop,
          gnoll_camp_huts_basic, gnoll_camp_mini_house, gnoll_camp_mini_doghouse
D:10:     layout_stronghold, mainiacjoe_overflow_boulevard,
          mainiacjoe_overflow_24_doors, dreamdust_wishing_well,
          kennysheep_opposing_triangles
D:11:     layout_loops_ring, grunt_lair_entry_orc_guard_hut, serial_shops, shop,
          kennysheep_cross_room, nicolae_dithmenos_shadow_blocks
Temple:   eino_temple_scatter_basement
Lair:1:   layout_long_grid, minivault_19, serial_bayou_shore_b,
          lemuel_fruit_tree, serial_bayou_shore_a, uniq_nergalle
Lair:2:   layout_cave_pods, gammafunk_ghost_abyssal_escape, beast_lair_carwin_10
Lair:4:   layout_cave_pods
Lair:5:   gammafunk_lair_ancient_temple, layout_big_grid, slime_entry_1

Skill      XL: |  1  2  3  4  5  6  7  8  9 10 11 12 |
---------------+-------------------------------------+-----
Armour         | 1 2 3 4 6 7 9 10 11 | 11.8
Fighting       | 4 5 6 7 8 9 11 12 | 12.4
Invocations    | 1 2 3 4 5 6 7 8 10 | 10.0
Dodging        | 4 5 6 7 9 10 11 | 11.5
Short Blades   | 4 5 6 7 9 10 11 | 11.4

Action                     |  1- 3 |  4- 6 |  7- 9 | 10-12 || total
---------------------------+-------+-------+-------+-------++-------
  Melee: Short sword       |   101 |   172 |   489 |   974 ||  1736
         Headbutt          |    23 |    51 |   161 |   331 ||   566
 Invoke: Stomp             |       |       |       |     8 ||     8
         Grand Finale      |       |       |       |     1 ||     1
         Line Pass         |       |       |       |     3 ||     3
  Evoke: Phial of floods   |       |       |       |     1 ||     1
    Use: Scroll            |       |       |     8 |     4 ||    12
         Potion            |       |       |       |     1 ||     1
   Stab: Paralysed         |       |       |       |    44 ||    44
 Armour: Robe              |    21 |       |       |       ||    21
         Chain mail        |     5 |    79 |   172 |   384 ||   640
  Dodge: Dodged            |    65 |    60 |   177 |   454 ||   756

Table legend: (Time is in decaauts)
 A = Elapsed time spent in this place.
 B = Non-inter-level travel time spent in this place.
 C = Inter-level travel time spent in this place.
 D = Time resting spent in this place.
 E = Time spent auto-exploring this place.
 F = Levels seen in this place.
 G = Mean time per level.
                   A        B        C        D        E       F      G
               +--------+--------+--------+--------+--------+-----+--------+
         Total |  11492 |  10921 |    571 |    354 |   8531 |  16 |  718.2 |
       Dungeon |   8545 |   8021 |    524 |     83 |   6403 |  11 |  776.8 |
        Temple |    209 |    173 |     36 |      0 |    158 |   1 |  209.0 |
          Lair |   2736 |   2726 |     10 |    271 |   1970 |   4 |  684.0 |
               +--------+--------+--------+--------+--------+-----+--------+

Top non-repeatable levels by time:
  Lair:4: 1167 daAuts
     D:9: 1117 daAuts
     D:8: 1058 daAuts
     D:5: 1013 daAuts
     D:1: 992 daAuts
  Lair:2: 831 daAuts
     D:3: 817 daAuts
     D:6: 798 daAuts
     D:4: 729 daAuts
     D:2: 716 daAuts
    D:11: 662 daAuts
     D:7: 525 daAuts
  Lair:5: 390 daAuts
  Lair:1: 347 daAuts
  Temple: 209 daAuts
